 Dungeon Crawl Stone Soup version 0.26-a0-800-g517d6fe721 (webtiles) character file.

Game seed: 15587241043830619732

6 Peloso the Skirmisher (level 1, 18/18 HPs)
             Began as a Minotaur Fighter on Nov 11, 2020.
             Got out of the dungeon alive.
             The game lasted 00:00:39 (100 turns).

Peloso the Skirmisher (Minotaur Fighter)             Turns: 100, Time: 00:00:39

Health: 18/18      AC:  9    Str: 20    XL:     1   Next: 75%
Magic:  0/0        EV:  7    Int:  5    God:
Gold:   13         SH:  9    Dex:  9    Spells: 0/0 levels left

rFire    . . .     SeeInvis .   a - +0 long sword
rCold    . . .     Faith    .   c - +0 kite shield
rNeg     . . .     Spirit   .   b - +0 scale mail
rPois    .         Reflect  .   (helmet restricted)
rElec    .         Harm     .   f - +0 cloak
rCorr    .         Rampage  .   (no gloves)
MR       +....                  (no boots)
Stlth    ..........             (no amulet)
HPRegen  0.06/turn              (no ring)
MPRegen  0.07/turn              (no ring)

@: no status effects
A: retaliatory headbutt, horns 2, frail 1, magic resistance 1, mutation
resistance 1, shaggy fur 1
a: no special abilities


You escaped.
You visited 1 branch of the dungeon, and saw 1 of its levels.

You collected 13 gold pieces.

Inventory:

Hand Weapons
 a - a +0 long sword (weapon)
Armour
 b - a +0 scale mail (worn)
 c - a +0 kite shield (worn)
 f - a +0 cloak (worn)
Scrolls
 e - a scroll of identify {unknown}
Potions
 d - a potion of might
 h - a potion of curing {unknown}


   Skills:
 + Level 3.8 Fighting
 + Level 2.4 Long Blades
 + Level 3.7 Armour
 + Level 3.8 Shields


You couldn't memorise any spells.
You didn't know any spells.
Your spell library was empty.

Dungeon Overview and Level Annotations

Branches:
Dungeon (1/15)

Altars:


Innate Abilities, Weirdness & Mutations

You reflexively headbutt those who attack you in melee.
You have a pair of horns on your head.
You are frail. (-10% HP)
You are resistant to hostile enchantments. (MR+)
You are somewhat resistant to further mutation.
You are covered in fur. (AC +1)


Message History

a cursed -3 dagger; 2 stones
g - an amethyst potion
Found 24 arrows.
h - a dark potion
Found 29 stones.
It was a potion of mutation.
You feel extremely strange.
You feel resistant to hostile enchantments.
Fur sprouts all over your body.
You feel frail.
You feel genetically stable.
(D) Dungeon
Where to? (? - help)
What level of the Dungeon? (default 1, ? - help)
Found 16 gold pieces.
Found 6 gold pieces.
There is an open door here.
There is a staircase leading out of the dungeon here.
Are you sure you want to leave the Dungeon?
This will make you lose the game!
Alright, then stay!
Unknown command.
Are you sure you want to leave the Dungeon?
This will make you lose the game!
You have escaped!

######### #@...≈PP#
####.≈≈.#..# ....#
#≈.≈.≈≈≈#..##..$.#
#≈P≈.≈P≈#........
#≈P≈.PP≈#......# #
#......≈#.#....#.. ##
### #≈.P≈..≈#.#....#..
...
..##+#####'#......#..
#.##.............#.....#


There were no monsters in sight!

Vanquished Creatures
  2 giant cockroaches (D:1)
  A goblin (D:1)
  2 kobolds (D:1)
  A rat (D:1)
6 creatures vanquished.

Notes
Turn   | Place    | Note
-------+----------+-------------------------------------------
     0 | D:1      | Peloso the Minotaur Fighter began the quest for the Orb.
     0 | D:1      | Reached XP level 1. HP: 19/19 MP: 0/0
    72 | D:1      | Gained mutation: You are resistant to hostile enchantments.
                  | (MR+) [potion of mutation]
    72 | D:1      | Gained mutation: You are covered in fur. (AC +1) [potion of
                  | mutation]
    72 | D:1      | Gained mutation: You are frail. (-10% HP) [potion of
                  | mutation]
    72 | D:1      | Gained mutation: You are somewhat resistant to further
                  | mutation. [potion of mutation]
   100 | D:$      | Got out of the dungeon alive.

Illustrated notes

Levels and vault maps discovered:
D:1:      lightli_arrival_flooded_house, layout_rooms, serial_corexii_hall,
          corexii_hall_statues_s, chequers_hall_statues_y,
          corexii_hall_statues_x

Action                   || total
-------------------------++-------
Melee: Long sword        ||     8
  Use: Potion            ||     1
Armor: Scale mail        ||     6
Dodge: Dodged            ||     2
Block: Kite shield       ||     6

Table legend: (Time is in decaauts)
 A = Elapsed time spent in this place.
 B = Non-inter-level travel time spent in this place.
 C = Inter-level travel time spent in this place.
 D = Time resting spent in this place.
 E = Time spent auto-exploring this place.
 F = Levels seen in this place.
 G = Mean time per level.
                   A        B        C        D        E       F      G
               +--------+--------+--------+--------+--------+-----+--------+
         Total |    102 |     76 |     26 |      0 |     32 |   1 |  102.0 |
       Dungeon |    102 |     76 |     26 |      0 |     32 |   1 |  102.0 |
               +--------+--------+--------+--------+--------+-----+--------+

Top non-repeatable levels by time:
     D:1: 102 daAuts
